 Dungeon Crawl Stone Soup version 0.22-a0-558-gc224181 (webtiles) character file.

0 glosham the Skirmisher (level 1, 0/18 HPs)
             Began as a Mummy Abyssal Knight on June 26, 2018.
             Was a Follower of Lugonu.
             Slain by an ufetubus (1 damage)
             ... on level 1 of the Abyss.
             The game lasted 00:01:32 (59 turns).

glosham the Skirmisher (Mummy Abyssal Knight)         Turns: 59, Time: 00:01:33

Health: 0/18       AC:  3    Str: 15    XL:     1   Next: 0%
Magic:  2/2        EV: 11    Int: 11    God:    Lugonu [*.....]
Gold:   0          SH:  0    Dex: 11    Spells: 0/0 levels left

rFire    x . .     SeeInvis .   a - +1 hand axe
rCold    + . .     Gourm    .   (no shield)
rNeg     + + +     Faith    .   b - +0 leather armour
rPois    ∞         Spirit   .   (no helmet)
rElec    .         Reflect  .   (no cloak)
rCorr    .         Harm     .   (no gloves)
MR       .....                  (no boots)
Stlth    +.........             (no amulet)
HPRegen  0.06/turn              (no ring)
MPRegen  0.08/turn              (no ring)

@: no status effects
A: no food or potions, fire vulnerability, cold resistance 1, negative energy
resistance 3, torment resistance, unbreathing
a: Depart the Abyss, Renounce Religion


You were on level 1 of the Abyss.
You worshipped Lugonu.
Lugonu was aware of your devotion.
You were not hungry.

You visited 0 branches of the dungeon, and saw 0 of its levels.
You visited the Abyss 1 time.

Inventory:

Hand Weapons
 a - a +1 hand axe (weapon)
Armour
 b - a +0 leather armour (worn)


   Skills:
 - Level 3.0 Fighting
 - Level 1.5 Axes
 - Level 1.5 Armour
 - Level 0.7 Dodging
 * Level 0.0 Stealth
 - Level 1.5 Invocations


You couldn't memorise any spells.
You didn't know any spells.
Your spell library was empty.

Dungeon Overview and Level Annotations

Branches:
Dungeon (0/15)

Altars:


Innate Abilities, Weirdness & Mutations

You do not eat or drink.
Your flesh is vulnerable to fire.
You are immune to poison.
Your flesh is cold resistant. (rC+)
You are immune to negative energy. (rN+++)
You are immune to unholy pain and torment.
You can survive without breathing.


Message History

2 starspawn tentacles come into view.
A raiju comes into view.
The raiju barks!
Tentacles burst from the starspawn's body! 2 starspawn tentacles come into view.
The starspawn tentacle grabs you. The starspawn tentacle constricts you.
A starspawn tentacle segment comes into view.
You escape the starspawn tentacle's grasp.
A tentacle flies out from the starspawn's body!
A starspawn tentacle comes into view.
The starspawn tentacle closely misses you.
The starspawn tentacle grabs you. The starspawn tentacle constricts you.
The starspawn tentacle's grasp on you weakens, but your attempt to escape fails.
The starspawn tentacle loses its grip on you.
The tentacled starspawn misses you.
The tentacled starspawn barely misses you.
You hit the starspawn tentacle.
The starspawn tentacle is lightly damaged.
You hit the tentacled starspawn but do no damage.
The starspawn tentacle grabs you. The starspawn tentacle constricts you.
Something loses its grip on you.
A tentacle flies out from the starspawn's body!
A starspawn tentacle comes into view.
The starspawn tentacle grabs you. The starspawn tentacle constricts you.
The starspawn tentacle's grasp on you weakens, but your attempt to escape fails.
The starspawn tentacle constricts you.
You escape the starspawn tentacle's grasp.
The ufetubus hits you but does no damage. x2
Tentacles burst from the starspawn's body!
The ufetubus barely misses you.
The ufetubus completely misses you. 2 starspawn tentacles come into view.
The starspawn tentacle barely misses you.
A tentacled starspawn comes into view.
A tentacle flies out from the starspawn's body!
Tentacles burst from the starspawn's body!
The ufetubus closely misses you. The ufetubus hits you.
* * * LOW HITPOINT WARNING * * *
3 starspawn tentacles come into view.
The ufetubus hits you.
You die...

.. . . .. #.#.
### . ....
...#.
#..##.#.# ##
#.
....#.####.. .
##.##..#│#...#
# . #.#.
#@w.\#.# # .
.#.. ###5│.│w#
#..
...##.#.│.X#.#
..## .
.##...#│##.#
#... ..## #.
..│.# # # . .#
. #.#....X.#
.# ..
....#...h.#
...#. .#..#
###..## . # ..
... # #.#.#.


You could see 2 tentacled starspawn, a raiju, 2 starspawn tentacles and an
ufetubus.

Vanquished Creatures (others)
  7 starspawn tentacles (Abyss:1)
7 creatures vanquished.

Notes
Turn   | Place    | Note
-------+----------+-------------------------------------------
     0 | Abyss:1  | glosham the Mummy Abyssal Knight began the quest for the Orb.
     0 | Abyss:1  | Reached XP level 1. HP: 18/18 MP: 2/2
    27 | Abyss:1  | Noticed a tentacled starspawn
    32 | Abyss:1  | Noticed a raiju
    57 | Abyss:1  | Noticed a tentacled starspawn
    58 | Abyss:1  | HP: 1/18 [ufetubus (5)]
    59 | Abyss:1  | Slain by an ufetubus

Vault maps used:
Abyss:1:  bh_abyss_exit_choice

Action                   || total
-------------------------++-------
Melee: Hand axe          ||     1
Armor: Leather armour    ||     2
Dodge: Dodged            ||     7

Table legend:
 A = Spawn XP
 B = Non-spawn XP
 C = Spawn XP percentage of total XP
 D = Spawn monster count
 E = Non-spawn monster count
 F = Spawn count percentage of total count
 G = Total turns spent on level
                    A         B        C        D         E        F      G
               +---------+---------+-------+---------+---------+-------+---------
         Total |       0 |       0 |   N/A |       0 |       0 |   N/A |    59
               +---------+---------+-------+---------+---------+-------+---------
               +---------+---------+-------+---------+---------+-------+---------

Table legend:
 A = Turns spent in this place as a percentage of turns spent in the entire game.
 B = Non-inter-level travel turns spent in this place as a percentage of non-inter-level travel turns spent in the entire game.
 C = Inter-level travel turns spent in this place as a percentage of turns spent in this place.
 D = Turns resting spent in this place as a percentage of non-inter-level travel turns spent in this place.
 E = Turns spent auto-exploring this place as a percentage of non-inter-level travel turns spent in this place.
 F = Non-inter-level travel turns spent in this place divided by the number of levels of this place that you've seen.
                   A       B       C       D       E      F
               +-------+-------+-------+-------+-------+----------------------
         Total | 100.0 | 100.0 |   0.0 |   0.0 |   0.0 |  59.0
         Abyss | 100.0 | 100.0 |   0.0 |   0.0 |   0.0 |  59.0
               +-------+-------+-------+-------+-------+----------------------

Vault maps used:
Abyss:1:  bh_abyss_exit_choice
